 Dungeon Crawl Stone Soup version 0.29-a0-620-g13ace881f2 (webtiles) character file.

Game seed: 14166712198942013512

74 xian the Changer (level 4, 0/30 HPs)
             Began as a Vampire Wanderer on June 18, 2022.
             Slain by Crazy Yiuf
             ... wielding a +3 quarterstaff of chaos
              (14 damage)
             ... on level 2 of the Dungeon.
             The game lasted 00:07:31 (1574 turns).

xian the Changer (Vampire Wanderer)                 Turns: 1574, Time: 00:07:32

Health: 0/30       AC:  3    Str: 10    XL:     4   Next: 10%
Magic:  5/8        EV: 12    Int: 16    God:
Gold:   136        SH:  0    Dex: 14    Spells: 4/9 levels left

rFire   . . .      SeeInvis +   a - +0 dagger
rCold   . . .      Faith    .   (no shield)
rNeg    . . .      Spirit   .   c - +0 robe
rPois   .          Reflect  .   (helmet currently unavailable)
rElec   .          Harm     .   l - scarf {repulsion}
rCorr   .          Rampage  .   i - +0 pair of gloves
Will    .....                   (boots currently unavailable)
Stlth   ++........              (no amulet)
HPRegen 0.30/turn               (no ring)
MPRegen 0.11/turn               (no ring)

@: appendages, wereblooded, healing quickly, repel missiles
A: horns 2, talons 2, alive, fangs 3, see invisible, vampiric 2
a: Exsanguinate, End Transformation


You were on level 2 of the Dungeon.
You had temporarily grown beastly horns and talons.
You visited 1 branch of the dungeon, and saw 2 of its levels.

You collected 136 gold pieces.

Inventory:

Hand Weapons
 a - a +0 dagger (weapon)
Armour
 c - a +0 robe (worn)
 d - a +1 cloak
 i - a +0 pair of gloves (worn)
 j - the +1 helmet of Futuacek (melded) {Dex+5}
   (You found it on level 2 of the Dungeon)

   Dex:       It affects your dexterity (+5).
 l - a scarf of repulsion (worn)
Scrolls
 b - 2 scrolls of fear
 e - a scroll of fog
Potions
 f - 2 potions of curing
 g - 2 potions of lignification
 h - a potion of mutation {unknown}
 k - a potion of brilliance {unknown}
 m - a potion of ambrosia


   Skills:
 + Level 0.1 Fighting
 + Level 0.5 Short Blades
 + Level 1.0 Throwing
 + Level 1.6 Dodging
 + Level 3.3 Stealth
 + Level 3.3 Spellcasting
 + Level 5.2 Transmutations


You had 4 spell levels left.
You knew the following spells:

 Your Spells              Type           Power      Damage    Failure   Level
a - Beastly Appendage     Tmut           38%        N/A       1%          1
b - Wereblood             Tmut           19%        N/A       3%          2
c - Passwall              Tmut/Erth      9%         N/A       10%         2

Your spell library contained the following spells:

 Spells                   Type           Power      Damage    Failure   Level
 Spider Form              Tmut/Pois      11%        N/A       19%         3
 Dazzling Flash           Conj/Hex       4%         N/A       50%         3
 Agony                    Necr           2%         N/A       99%         5
 Silence                  Hex/Air        1%         N/A       99%         5


Dungeon Overview and Level Annotations

Branches:
Dungeon (2/15)

Altars:

Annotations:
D:2 Crazy Yiuf


Innate Abilities, Weirdness & Mutations

You have temporarily grown beastly horns and talons.
Your natural rate of healing is accelerated.
You have razor-sharp teeth.
You have supernaturally acute eyesight. (SInv)
You are afflicted with vampirism and can become a bat while bloodless.


Message History

You see here a scarf of repulsion.
A worm comes into view.
The helpless worm fails to defend itself.
You puncture the worm! You claw the worm. Your bite misses the worm.
The worm is severely wounded.
Your horns disappear.
Your talons disappear.
The +1 helmet of Futuacek {Dex+5} unmelds from your body.
The worm bites you!
You barely miss the worm.
The worm is severely wounded.
You hit the worm but do no damage. You bite the worm.
The worm is almost dead.
The worm bites you!
You hit the worm.
You kill the worm!
You see here a worm corpse.
You see here a scarf of repulsion.
l - a scarf of repulsion You start removing your armour.
You continue taking off your +1 cloak. x4
You finish taking off your +1 cloak.
You start putting on your armour.
You continue putting on your scarf of repulsion. x5
You finish putting on your scarf of repulsion.
You are surrounded by a repulsion field.
Found a mace.
Found a runed translucent door.
Crazy Yiuf shouts!
Okay, then.
You open the door.
You grow a pair of large bovine horns.
Your feet morph into talons.
The +1 helmet of Futuacek {Dex+5} melds into your body.
Casting: Beastly Appendage (safe; 1% risk of failure)
Confirm with . or Enter, or press ? or * to list all spells.
Your blood is infused with primal strength.
Crazy Yiuf hits you with a +3 quarterstaff of chaos!
Crazy Yiuf burns you.
Unknown command.
You hit Crazy Yiuf. Your kick misses Crazy Yiuf.
Crazy Yiuf is lightly wounded.
Crazy Yiuf hits you with a +3 quarterstaff of chaos!
You die...

##.........#
#....# #..#
...........#
#....# #..##
##.........#
♣....♣
########....
##.÷.......#
♣...♣♣
#.......>...
........####
♣♣.♣♣
######...<..
..#####.#
♣.♣♣ #.#..#.
..#####.#
♣♣.♣ #.#..#.
........#
♣.♣♣ #..#.#.
..#######
♣♣@♣ ##.###..
..# #g# ##.##
##. #.# ...
####.## ##
#.##########
#...#
#.....## ##.
...........#
#..)#
####...###.#
...####....#
#####
#....#..#
.÷...##.####
#........
.#.#.##.#####
### #........
.#.#.##.>...#
#.# #.......(


You could see Crazy Yiuf.

Vanquished Creatures
  2 adders (D:2)
  A worm (D:2)
  3 dart slugs (D:1)
  3 bats
  7 endoplasms
  3 giant cockroaches
  4 goblins
  5 hobgoblins
  3 quokkas
  3 ball pythons (D:1)
  4 kobolds
  3 rats
41 creatures vanquished.

Notes
Turn   | Place    | Note
-------+----------+-------------------------------------------
     0 | D:1      | xian the Vampire Wanderer began the quest for the Orb.
     0 | D:1      | xian set off with the following items: a +0 dagger, a
                  | scroll of fear, a +0 robe, a +0 cloak; and the following
                  | spell memorised: Beastly Appendage; and the following
                  | spells available to memorise: Passwall, Spider Form.
     0 | D:1      | Reached XP level 1. HP: 13/13 MP: 4/4
   113 | D:1      | Found a faded altar of an unknown god.
   147 | D:1      | Reached XP level 2. HP: 19/19 MP: 6/6
   254 | D:1      | Reached skill level 5 in Transmutations
   270 | D:1      | Learned a level 2 spell: Wereblood
   273 | D:1      | Learned a level 2 spell: Passwall
   518 | D:1      | Gained mutation: You are afflicted with vampirism and can
                  | become a bat while bloodless. [Vampire growth]
   518 | D:1      | Reached XP level 3. HP: 24/24 MP: 5/7
  1177 | D:2      | Identified the +1 helmet of Futuacek {Dex+5}
  1192 | D:2      | Reached XP level 4. HP: 30/30 MP: 6/8
  1567 | D:2      | Found a runed translucent door.
  1568 | D:2      | Noticed Crazy Yiuf
  1574 | D:2      | Slain by Crazy Yiuf

Illustrated notes

Levels and vault maps discovered:
D:1:      minmay_arrival_radiant_lines, layout_basic,
          shapermc_ecumenical_altar_flowoftime, skrybe_limestone_x
D:2:      layout_loops_ring, uniq_crazy_yiuf_cottage

Skill      XL: |  1  2  3 |
---------------+----------+-----
Stealth        | 2 3 |  3.3
Transmutations | 5 |  5.2
Fighting       | |  0.1
Short Blades   | |  0.5
Throwing       | |  1.0
Dodging        | |  1.6
Spellcasting   | |  3.3

Action                   |  1- 3 |  4- 6 || total
-------------------------+-------+-------++-------
Melee: Dagger            |    92 |    10 ||   102
       Kick              |    24 |     3 ||    27
       Headbutt          |    15 |     1 ||    16
       Bite              |     8 |     1 ||     9
       Punch             |     1 |       ||     1
 Cast: Beastly Appendage |    20 |     3 ||    23
       Wereblood         |     2 |     1 ||     3
  Use: Scroll            |     8 |     2 ||    10
 Stab: Sleeping          |     4 |     1 ||     5
Armor: Robe              |    24 |     1 ||    25
Dodge: Dodged            |    47 |     2 ||    49

Table legend: (Time is in decaauts)
 A = Elapsed time spent in this place.
 B = Non-inter-level travel time spent in this place.
 C = Inter-level travel time spent in this place.
 D = Time resting spent in this place.
 E = Time spent auto-exploring this place.
 F = Levels seen in this place.
 G = Mean time per level.
                   A        B        C        D        E       F      G
               +--------+--------+--------+--------+--------+-----+--------+
         Total |   1572 |   1532 |     40 |      0 |    913 |   2 |  786.0 |
       Dungeon |   1572 |   1532 |     40 |      0 |    913 |   2 |  786.0 |
               +--------+--------+--------+--------+--------+-----+--------+

Top non-repeatable levels by time:
     D:1: 850 daAuts
     D:2: 721 daAuts
